 Dungeon Crawl Stone Soup version 0.17-a0-543-g13d7571 (webtiles) character file.

15910 Pikaro the Zephyrmancer (level 12, -2/77 HPs)
             Began as a Tengu Air Elementalist on Apr 13, 2015.
             Was an Elder of Vehumet.
             Slain by an unseen horror (5 damage)
             ... on level 10 of the Dungeon.
             The game lasted 01:23:53 (24213 turns).

Pikaro the Zephyrmancer (Tengu Air Elementalist)   Turns: 24213, Time: 01:23:54

Health: -2/77      AC:  7    Str: 10 (11) XL:     12   Next: 32%
Magic:  17/34      EV: 19    Int: 21      God:    Vehumet [****..]
Gold:   410        SH:  6    Dex: 17      Spells: 8 memorised, 9 levels left

rFire  . . .     SeeInvis .     m - +1 hand axe (venom)
rCold  . . .     Clarity  .     Q - +2 robe {rN+}
rNeg   + + .     SustAb   .     M - +0 buckler
rPois  .         Gourm    .     (helmet restricted)
rElec  .         Spirit   .     n - +0 cloak
rCorr  .         Warding  +     K - +2 pair of gloves {Str+3}
rMut   .         Stasis   .     (boots unavailable)
MR     +....                    D - amulet of warding {Ward, rN+}
Stlth  ++........               r - ring of magical power {MP+9}
                                y - ring of protection from magic {MR+}

@: very slightly contaminated, invisible, somewhat resistant to hostile
enchantments, unstealthy
A: beak, talons 3, agile 1, deformed body, deterioration 1, able to fly 1
a: Fly, Renounce Religion


You were on level 10 of the Dungeon.
You worshipped Vehumet.
Vehumet was greatly pleased with you.
You were hungry.

You visited 4 branches of the dungeon, and saw 18 of its levels.
You also visited: Bailey.

You collected 1151 gold pieces.
You spent 741 gold pieces at shops.

Inventory:

Hand weapons
 g - a cursed +0 blowgun
   (You took it off a kobold on level 11 of the Dungeon)
 m - a +1 hand axe of venom (weapon)
   (You took it off a hobgoblin on level 1 of the Dungeon)
 t - a +1 executioner's axe
   (You found it on level 9 of the Dungeon)
Missiles
 G - 17 poisoned needles
Armour
 n - a +0 cloak (worn)
   (You found it on level 2 of the Dungeon)
 K - a +2 pair of gloves of strength (worn)
   (You bought it in a shop on level 11 of the Dungeon)
 M - a +0 buckler (worn)
   (You took it off a deep elf fighter on level 7 of the Dungeon)
 Q - a +2 robe of positive energy (worn)
   (You bought it in a shop on level 11 of the Dungeon)
Jewellery
 h - an uncursed amulet of resist corrosion {rCorr}
   (You found it on level 2 of the Dungeon)
 r - a ring of magical power (right hand) {MP+9}
   (You found it on level 11 of the Dungeon)
 u - an uncursed ring of protection from fire {rF+}
   (You found it on level 5 of the Dungeon)
 y - a ring of protection from magic (left hand) {MR+}
   (You found it on level 4 of the Dungeon)
 D - an amulet of warding (around neck) {Ward, rN+}
   (You found it on level 4 of the Dungeon)
 P - a +6 ring of dexterity
   (You found it on level 8 of the Dungeon)
Magical devices
 C - a wand of frost (21)
   (You found it on level 10 of the Dungeon)
 J - a wand of teleportation (5)
   (You found it on level 10 of the Dungeon)
 O - a wand of draining (6)
   (You found it on level 8 of the Dungeon)
 R - a wand of flame (26)
   (You found it on level 8 of the Dungeon)
 W - a wand of fireball (7)
   (You found it on level 10 of the Dungeon)
Scrolls
 c - a scroll of fog
 i - 2 scrolls of random uselessness
 j - a scroll of magic mapping {!r}
 l - a scroll of amnesia
 q - 2 scrolls of immolation {!r}
 z - a scroll of recharging
 H - a scroll of enchant armour
 T - a scroll of enchant weapon
 V - a scroll of remove curse
Potions
 d - 2 potions of curing
 e - 2 potions of cancellation
 k - 5 potions of restore abilities
 s - a potion of poison {!q}
 B - 2 potions of mutation {!q}
 I - a potion of magic
Books
 b - a book of Air
 f - a book of Conjurations
   (You found it on level 10 of the Dungeon)
 p - a book of Envenomations
   (You found it on level 2 of the Dungeon)
 v - a book of Beasts
   (You found it on level 3 of the Dungeon)
 x - a book of Unlife
   (You found it on level 3 of the Dungeon)
 A - a book of Maledictions
   (You found it on level 4 of the Dungeon)
 L - a book of Annihilations {highlevel}
   (You found it on level 7 of the Dungeon)
 U - the Tome of Dislocated Heat
   (You found it on level 9 of the Dungeon)

   Spells                             Type                      Level
   a - Flame Tongue                   Conjuration/Fire             1
   b - Inner Flame                    Hexes/Fire                   3
   c - Gell's Gravitas                Hexes/Translocation          3
   d - Recall                         Summoning/Translocation      3
   e - Portal Projectile              Translocation                3
   f - Ignite Poison                  Fire/Transmutation           5
Comestibles
 a - 6 fruits
 o - 3 meat rations
 E - 2 slices of pizza
 F - a beef jerky
 N - 2 bread rations
 S - 8 royal jellies


   Skills:
 - Level 10.0 Fighting
 - Level 10.0 Dodging
 - Level 2.0 Stealth
 - Level 5.0 Shields
 + Level 8.7 Spellcasting
 - Level 10.0 Conjurations
 - Level 10.0 Air Magic


You had 9 spell levels left.
You knew the following spells:

 Your Spells              Type           Power        Failure   Level  Hunger
a - Shock                 Conj/Air       ####         1%          1    None
c - Lightning Bolt        Conj/Air       ######....   1%          5    #####..
d - Static Discharge      Conj/Air       ######..     1%          3    None
r - Repel Missiles        Chrm/Air       ####..       1%          2    None
A - Summon Butterflies    Summ           #.......     10%         1    None
B - Sting                 Conj/Pois      ####         1%          1    None
C - Stone Arrow           Conj/Erth      ####..       1%          3    None
D - Mephitic Cloud        Conj/Pois/Air  #####...     1%          3    None


Dungeon Overview and Level Annotations

Branches:
Dungeon (12/15)            Temple (1/1) D:7            Lair (1/8) D:8
    Orc (4/4) D:9
    Elf: Orc:3-4

Altars:
Ashenzari
Cheibriados
Dithmenos
Elyvilon
Fedhas
Gozag
Kikubaaqudgha
Makhleb
Nemelex Xobeh
Okawaru
Qazlal
Ru
Sif Muna
Trog
Vehumet
Xom
Yredelemnul
Zin
The Shining One

Shops:
D:4 (   D:6 [   D:10 !   D:11 [   Orc:2 %

Portals:
Ice
Cave: Lair:1

Annotations:
D:10 Maud, Snorg
D:12 Azrael


Innate Abilities, Weirdness & Mutations

You have a beak for a mouth.
You have claws for feet.
You can fly.
You are agile. (Dex +2)
Armour fits poorly on your strangely shaped body.
Your body is slowly deteriorating.


Message History

You hit the gnoll. You closely miss the jackal. The jackal barely misses you.
You block the gnoll's attack. The jackal barely misses you.
You slash the gnoll!
You kill the gnoll!
You feel your power returning.
You hit the jackal.
You kill the jackal!
You feel your power returning.
You regained 2 mp, and now have 31/34 mp.
A wolf, a gnoll and a gnoll sergeant come into view.
The wolf barks!
The gnoll sergeant shouts!
The gnoll shouts!
The gnoll throws a throwing net.
The throwing net hits you.
You become entangled in the net! a throwing net {=f, !d}; a whip; a gnoll corpse You slice into the net.
A gnoll comes into view.
You try to slip out of the net.
The wolf bites you!
You take 9 damage, and have 68/77 hp.
You try to slip out of the net.
The wolf bites you but does no damage.
You struggle against the net.
The wolf barely misses you. The wolf bites you!
You take 10 damage, and have 58/77 hp.
You slip out of the net!
The wolf bites you but does no damage. The wolf completely misses you.
Aim: a gnoll You hear a mighty clap of thunder!
The bolt of lightning misses the wolf.
The bolt of lightning hits the gnoll.
The bolt of lightning hits the gnoll.
You kill the gnoll!
You feel your power returning. You block the wolf's attack.
You now have 29/34 mp.
You barely miss the wolf. You claw the wolf, but do no damage.
The wolf barely misses you. The wolf misses you.
The gnoll throws a throwing net.
The throwing net hits you.
You become entangled in the net!
The wolf closely misses you.
You struggle against the net.
The wolf closely misses you.
A gnoll comes into view.
You struggle against the net.
The wolf bites you but does no damage. The wolf bites you but does no damage.
The gnoll closely misses you.
You cut the net and break free! Something hits you!
Deactivating autopickup; reactivate with Ctrl-A.
The wolf barely misses you. The gnoll barely misses you.
You block the wolf's attack.
You take 9 damage, and have 50/77 hp.
You hit the wolf. Your peck misses the wolf. You miss something.
You hit the gnoll.
The gnoll is poisoned.
You kill the gnoll!
You block its attack. Something barely misses you. The wolf bites you.
The wolf misses you.
You take 2 damage, and have 48/77 hp.
You hit the wolf but do no damage.
The wolf is poisoned.
You claw the wolf, but do no damage. Something closely misses you.
The wolf bites you. The wolf misses you.
You take 4 damage, and have 44/77 hp.
You hit the wolf.
The wolf looks even sicker.
You claw the wolf. You slash something! Something hits you.
You block the wolf's attack. The wolf completely misses you.
You take 3 damage, and have 41/77 hp.
You block the wolf's attack.
You see here a halberd.
Something hits you. You block the wolf's attack.
You take 4 damage, and have 38/77 hp.
HP at 49%!
Something hits you but does no damage.
The gnoll throws a stone.
The stone misses you.
You see here a stone.
You hear a mighty clap of thunder!
The bolt of lightning hits something.
You are feeling hungry.
Something barely misses you. You block the wolf's attack.
Something closely misses you.
The gnoll sergeant hits you from afar with a spear!
The wolf misses you.
The gnoll throws a stone.
You take 8 damage, and have 30/77 hp.
You now have 26/34 mp.
You hear a mighty clap of thunder!
The bolt of lightning hits something.
Something hits you but does no damage. The wolf misses you.
You block the gnoll sergeant's attack.
The gnoll throws a stone.
The wolf bites you!
* * * LOW HITPOINT WARNING * * *
You take 7 damage, and have 23/77 hp.
You now have 22/34 mp.
You hear a mighty clap of thunder!
The bolt of lightning hits something.
Something hits you.
* * * LOW HITPOINT WARNING * * *
Something hits you.
* * * LOW HITPOINT WARNING * * *
Something hits you!
* * * LOW HITPOINT WARNING * * *
The wolf completely misses you. The gnoll sergeant misses you.
You take 20 damage, and have 3/77 hp.
MASSIVE DAMAGE!!
You now have 17/34 mp.
HP at 3%!
Drink which item? (? for menu, Esc to quit)
Okay, then.
Drink which item? (? for menu, Esc to quit)
You fade into invisibility!
Something barely misses you. The wolf bites you but does no damage.
You block the gnoll sergeant's attack. The wolf barely misses you.
The gnoll throws a stone.
The stone misses you.
You are very lightly contaminated with residual magic.
Something hits you.
You die...

##.## #..# ##.#
#.## #..# ##.##
##############..##
#...............(#
#....##########@.#
#...## ##(## #..##
#h.# #..# #)g#
#..# #g.# #..#
.....(..(.# ##..#
.........# ....#
.........# ##..#
'#....#..#


You could see a gnoll sergeant, a wolf and a gnoll.

Vanquished Creatures
  The ghost of oplop the Thaumaturge, a powerful OpFE of Vehumet (Orc:3)
  2 hill giants
  Pikel (D:4)
  An ugly thing (D:11)
  A black mamba (D:8)
  3 komodo dragons (D:8)
  A queen bee (D:9)
  3 trolls (D:11)
  A two-headed ogre (D:11)
  Sigmund (D:2)
  The ghost of Pikaro the Gusty, an average TeAE (D:5)
  Eustachio (D:7)
  A steam dragon (D:8)
  A deep elf fighter (D:7)
  3 hungry ghosts
  6 yaks (D:11)
  A warg (Orc:2)
  4 sky beasts
  9 orc warriors
  2 phantoms
  3 necrophages
  A wasp (D:7)
  3 centaurs
  10 ice beasts
  8 ogres
  A brain worm (D:9)
  2 crocodiles
  3 giant frogs
  Blork the orc (D:5)
  3 gnoll sergeants (D:7)
  3 big kobolds
  A wyvern skeleton (D:11)
  3 scorpions
  34 killer bees
  2 goliath beetles
  5 crimson imps
  15 wights
  3 quasits
  A jelly (D:8)
  4 centaur skeletons
  2 giant frog skeletons
  6 hounds
  6 iguanas
  4 gnoll shamans
  14 orc priests
  6 worker ants
  14 orc wizards
  2 hound zombies
  A hound skeleton (D:9)
  10 adders
  A river rat (D:7)
  3 worker ant zombies
  A scorpion zombie (D:6)
  18 gnolls
  2 shadow imps
  An adder skeleton (D:8)
  An adder zombie (D:8)
  5 giant geckos
  An ooze (D:5)
  94 orcs
  A ball python (D:1)
  2 bat skeletons (D:7)
  5 giant cockroaches
  18 goblins
  20 hobgoblins
  5 quokkas
  16 bats
  A giant gecko zombie (D:9)
  5 giant newts
  A hobgoblin zombie (D:6)
  4 jackals
  21 kobolds
  An orc zombie (D:6)
  A quokka skeleton (D:10)
  10 rats
  32 ballistomycetes (D:11)
485 creatures vanquished.

Vanquished Creatures (collateral kills)
  A giant frog skeleton (D:11)
1 creature vanquished.

Vanquished Creatures (others)
  An ogre (D:4)
  An orc priest (D:4)
  An orc wizard (D:4)
  A worker ant (D:4)
  A giant gecko (D:4)
  3 orcs (D:4)
  A goblin (D:4)
  2 hobgoblins (D:4)
  A kobold (D:5)
  A quokka (D:4)
  A bat (D:4)
  A giant newt (D:4)
  4 giant spores (D:11)
  A ballistomycete (D:11)
  3 butterflies (D:10)
23 creatures vanquished.

Grand Total: 509 creatures vanquished

Notes
Turn   | Place    | Note
--------------------------------------------------------------
     0 | D:1      | Pikaro, the Tengu Air Elementalist, began the quest for the Orb.
     0 | D:1      | Reached XP level 1. HP: 10/10 MP: 4/4
   154 | D:1      | Reached skill level 2 in Conjurations
   284 | D:1      | Reached XP level 2. HP: 15/15 MP: 4/6
  1042 | D:2      | Reached XP level 3. HP: 19/19 MP: 2/7
  1128 | D:2      | Learned a level 2 spell: Repel Missiles
  1132 | D:2      | Learned a level 3 spell: Static Discharge
  1521 | D:2      | Noticed Sigmund
  1713 | D:3      | Found a stormy altar of Qazlal.
  1816 | D:3      | Reached skill level 3 in Conjurations
  1862 | D:3      | Reached skill level 5 in Air Magic
  2278 | D:3      | Reached XP level 4. HP: 21/24 MP: 1/8
  2599 | D:4      | Reached skill level 4 in Conjurations
  2785 | D:4      | Reached skill level 6 in Air Magic
  2785 | D:4      | Gained mutation: You can fly. [Tengu growth]
  2785 | D:4      | Reached XP level 5. HP: 23/28 MP: 1/9
  3018 | D:4      | Noticed Pikel
  3018 | D:4      | Noticed a slave
  3018 | D:4      | Noticed a slave
  3018 | D:4      | Noticed a slave
  3018 | D:4      | Noticed a slave
  3062 | D:4      | Killed Pikel
  3062 | D:4      | Reached skill level 7 in Conjurations
  3062 | D:4      | Reached skill level 8 in Air Magic
  3062 | D:4      | Reached XP level 6. HP: 19/32 MP: 7/10
  3062 | D:4      | Reached XP level 7. HP: 21/36 MP: 7/11
  3854 | D:4      | Killed an ogre
  3857 | D:4      | HP: 9/36 [gnoll/spear (4)]
  4101 | D:4      | Found Faibakhatil's Weapon Emporium.
  4247 | D:4      | Found a glowing golden altar of the Shining One.
  4247 | D:4      | Found a basalt altar of Yredelemnul.
  4248 | D:4      | Noticed an angel
  4252 | D:4      | Noticed a profane servitor
  4315 | D:4      | Noticed a sky beast
  4331 | D:4      | Killed a sky beast
  4331 | D:4      | Reached skill level 8 in Conjurations
  4331 | D:4      | Reached skill level 9 in Air Magic
  4331 | D:4      | Reached XP level 8. HP: 34/41 MP: 12/12
  4611 | D:4      | Found a snail-covered altar of Cheibriados.
  4732 | D:5      | Entered Level 5 of the Dungeon
  4964 | D:5      | Noticed Pikaro's ghost (average TeAE)
  5432 | D:5      | Killed Pikaro's ghost
  5432 | D:5      | Reached skill level 9 in Conjurations
  5432 | D:5      | Reached skill level 10 in Air Magic
  5907 | D:5      | Noticed Blork the orc
  5915 | D:5      | Killed Blork the orc
  6119 | D:5      | Found a glowing silver altar of Zin.
  6219 | D:6      | Reached skill level 10 in Conjurations
  6310 | D:6      | Reached skill level 1 in Fighting
  6425 | D:6      | Found Zaufusapt's Armour Emporium.
  6443 | D:6      | Found an opulent altar of Gozag.
  6525 | D:6      | Reached skill level 3 in Dodging
  6701 | D:6      | Reached skill level 2 in Fighting
  6799 | D:6      | Reached XP level 9. HP: 41/49 MP: 4/13
  6927 | D:6      | Reached skill level 4 in Dodging
  6931 | D:6      | Gained mutation: Armour fits poorly on your strangely shaped body. [mutagenic meat]
  6932 | D:6      | Gained mutation: You can spit weak poison. [mutagenic meat]
  7547 | D:6      | Reached skill level 3 in Fighting
  7759 | D:2      | Killed Sigmund
  7997 | D:7      | Reached skill level 5 in Dodging
  8010 | D:7      | Reached skill level 4 in Fighting
  8301 | D:7      | Found a staircase to the Ecumenical Temple.
  8316 | Temple   | Entered the Ecumenical Temple
  8466 | D:7      | Reached skill level 6 in Dodging
  8603 | D:7      | Reached skill level 5 in Fighting
  9007 | D:7      | Learned a level 5 spell: Lightning Bolt
  9009 | D:7      | Learned a level 1 spell: Summon Butterflies
  9012 | D:7      | Noticed Eustachio
  9291 | D:7      | Reached skill level 7 in Dodging
  9360 | D:7      | Reached skill level 1 in Shields
  9438 | D:7      | Killed Eustachio
  9438 | D:7      | Reached skill level 6 in Fighting
  9438 | D:7      | Reached XP level 10. HP: 36/60 MP: 7/14
  9704 | D:7      | Reached skill level 2 in Shields
 10465 | D:8      | Found a white marble altar of Elyvilon.
 10633 | D:8      | Reached skill level 3 in Shields
 10808 | D:8      | HP: 11/61 [komodo dragon (27)]
 10811 | D:8      | Reached skill level 8 in Dodging
 11215 | D:8      | Reached skill level 7 in Fighting
 11255 | D:8      | Reached skill level 4 in Shields
 11472 | D:8      | HP: 3/63 [komodo dragon (31)]
 12277 | D:9      | Found a shadowy altar of Dithmenos.
 12278 | D:9      | Found a stormy altar of Qazlal.
 12283 | D:9      | Found a burning altar of Makhleb.
 12283 | D:9      | Found an ancient bone altar of Kikubaaqudgha.
 12283 | D:9      | Found a snail-covered altar of Cheibriados.
 12283 | D:9      | Found an opulent altar of Gozag.
 12284 | D:9      | Found a sparkling altar of Nemelex Xobeh.
 12285 | D:9      | Found a shattered altar of Ashenzari.
 12286 | D:9      | Found a bloodstained altar of Trog.
 12287 | D:9      | Found an iron altar of Okawaru.
 12289 | D:9      | Found a radiant altar of Vehumet.
 12293 | D:9      | Became a worshipper of Vehumet
 13012 | D:8      | Found a staircase to the Lair.
 13152 | D:9      | Reached skill level 5 in Shields
 13247 | D:9      | Reached skill level 9 in Dodging
 13266 | D:9      | HP: 14/64 [killer bee (5)]
 13268 | D:9      | Reached skill level 8 in Fighting
 13271 | D:9      | HP: 16/96 [poisoned by a killer bee]
 13277 | D:9      | HP: 14/96 [poisoned by a killer bee]
 13282 | D:9      | HP: 12/96 [poisoned by a killer bee]
 13288 | D:9      | HP: 12/96 [poisoned by a killer bee]
 13296 | D:9      | HP: 7/64 [poisoned by a killer bee]
 13494 | D:9      | Reached XP level 11. HP: 39/68 MP: 6/15
 13805 | D:9      | Identified the Tome of Dislocated Heat
 13815 | D:9      | Acquired Vehumet's first power
 13815 | D:9      | Offered knowledge of Sting by Vehumet.
 13852 | D:9      | Learned a level 1 spell: Sting
 14503 | D:9      | Found a sacrificial altar of Ru.
 14563 | D:9      | Found a staircase to the Orcish Mines.
 14807 | Lair:1   | Entered Level 1 of the Lair of Beasts
 14814 | Lair:1   | Found a frozen archway.
 14817 | Lair:1   | Reached skill level 10 in Dodging
 15001 | D:8      | Reached skill level 9 in Fighting
 15022 | D:8      | Gained mutation: You are weak. (Str -2) [potion of mutation]
 15022 | D:8      | Gained mutation: Your magical capacity is low (-10% MP). [potion of mutation]
 15053 | D:8      | HP: 14/71 [ice beast (10)]
 15199 | D:8      | Offered knowledge of Searing Ray by Vehumet.
 15201 | Lair:1   | HP: 5/71 [spiny frog (17)]
 15761 | D:10     | Entered Level 10 of the Dungeon
 15926 | D:10     | Found a flagged portal.
 15944 | Bailey   | Entered a bailey
 15944 | Bailey   | Noticed Kisielow's ghost (experienced GrGl)
 15965 | Bailey   | Noticed an orc knight
 16337 | D:10     | Found Nuidiehu's Distillery.
 16555 | D:10     | Bought a potion of cure mutation for 525 gold pieces
 16555 | D:10     | Lost mutation: Your magical capacity is low (-10% MP). [potion of cure mutation]
 16555 | D:10     | Lost mutation: You can spit weak poison. [potion of cure mutation]
 16555 | D:10     | Lost mutation: You are weak. (Str -2) [potion of cure mutation]
 16730 | D:10     | Reached skill level 10 in Fighting
 16787 | D:10     | Noticed Maud
 16845 | D:11     | Found Reabav's Antique Armour Shop.
 17798 | D:11     | Noticed a hill giant
 17805 | D:11     | Killed a hill giant
 17805 | D:11     | Reached skill level 3 in Spellcasting
 18013 | D:11     | Reached skill level 4 in Spellcasting
 18045 | D:11     | Offered knowledge of Stone Arrow by Vehumet.
 18059 | D:11     | Learned a level 3 spell: Stone Arrow
 18180 | D:11     | Reached skill level 5 in Spellcasting
 18327 | D:11     | Acquired Vehumet's second power
 18432 | D:10     | Noticed Snorg
 18434 | D:10     | HP: 13/72 [Snorg (15)]
 18720 | D:10     | Noticed a hill giant
 18761 | D:10     | Killed a hill giant
 18762 | D:10     | Reached skill level 6 in Spellcasting
 18928 | Orc:1    | Entered Level 1 of the Orcish Mines
 19090 | Orc:1    | Offered knowledge of Mephitic Cloud by Vehumet.
 19104 | Orc:1    | Learned a level 3 spell: Mephitic Cloud
 19554 | Orc:1    | Reached XP level 12. HP: 66/77 MP: 23/23
 19863 | Orc:2    | Found Gigasuuh's Food Emporium.
 19872 | Orc:2    | Found an ancient bone altar of Kikubaaqudgha.
 20025 | Orc:1    | Acquired Vehumet's third power
 20227 | Orc:1    | Offered knowledge of Bolt of Magma by Vehumet.
 20312 | Orc:3    | Noticed oplop's ghost (powerful OpFE)
 20395 | Orc:3    | Killed oplop's ghost
 20395 | Orc:3    | Reached skill level 7 in Spellcasting
 20577 | Orc:2    | HP: 18/77 [poisoned by an orc]
 21650 | Orc:4    | Entered Level 4 of the Orcish Mines
 21650 | Orc:4    | Noticed an orc warlord
 21797 | D:11     | Bought a glowing robe for 25 gold pieces
 21797 | D:11     | Bought a pair of runed gloves for 166 gold pieces
 21797 | D:11     | Bought an embroidered robe for 25 gold pieces
 22108 | D:11     | Got a twisted whip
 22109 | D:11     | Identified the cursed +1 whip "Murmur" {speed, Noisy MR+ Int+2} (You took it off an orc warrior on level 11 of the Dungeon)
 22274 | D:11     | Offered knowledge of Delayed Fireball by Vehumet.
 22274 | D:11     | Reached skill level 8 in Spellcasting
 22573 | D:11     | Gained mutation: You are agile. (Dex +2) [mutagenic meat]
 22574 | D:11     | Gained mutation: Your body is slowly deteriorating. [mutagenic meat]
 23634 | D:12     | Noticed Azrael
 24211 | D:10     | HP: 19/77 [something (5)]
 24211 | D:10     | HP: 3/77 [something (10)]
 24213 | D:10     | Slain by an unseen horror

Action                   |  1- 3 |  4- 6 |  7- 9 | 10-12 || total
-------------------------+-------+-------+-------+-------++-------
Melee: Unarmed           |     3 |       |       |       ||     3
       Hand axe          |       |     8 |    79 |   558 ||   645
       Executioner's axe |       |       |       |     7 ||     7
 Cast: Shock             |    84 |    32 |   312 |   496 ||   924
       Lightning Bolt    |       |       |     5 |    79 ||    84
       Static Discharge  |       |       |       |    11 ||    11
       Sting             |       |       |       |    14 ||    14
       Summon Butterflie |       |       |       |     1 ||     1
Evoke: Wand              |       |       |       |     6 ||     6
  Use: Scroll            |       |       |     7 |    26 ||    33
       Potion            |       |       |     1 |    18 ||    19
  Eat: Chunk             |     5 |     1 |    20 |    40 ||    66
       Bread ration      |       |     1 |     2 |     8 ||    11
       Fruit             |       |       |       |     3 ||     3
       Meat ration       |       |       |       |     1 ||     1

Vault maps used:
D:1:      saegor_arrival_miasma
D:2:      uniq_sigmund
D:3:      grunt_qazlal_sundering
D:4:      grunt_temple_overflow_holy_war, serial_shops, shop, first_bread,
          chei_beetle_safe_becter, uniq_pikel
D:5:      zin_treasury, due_unseen_surprise, uniq_blork_the_orc
D:6:      basic_altar, serial_shops, nicolae_shop_statue_plus
D:7:      minmay_temple_entry_trees, sword_in_stone
D:8:      erik_lair_dragon, basic_altar
D:9:      minitemple, orc_0_dummy, david_nohive_1,
          nicolae_ru_the_path_less_chosen
D:10:     enter_bailey_3, serial_gnoll_camp, gnoll_camp_mini_loothouse,
          gnoll_camp_mini_hut, gnoll_camp_medium_02, gnoll_camp_medium_01,
          serial_shops, shop, minmay_holes, uniq_fannar, uniq_snorg, uniq_maud
D:11:     serial_shops, nicolae_shop_waterfront
D:12:     uniq_azrael
Temple:   nicolae_temple_hex_pool_5
Lair:1:   portal_ice_cave_entry_ice_beasts, lemuel_fruit_fields, uniq_urug
Orc:2:    basic_altar, serial_shops, nicolae_shop_temple_entry_statues_fountains
Orc:3:    nicolae_orc_pool_cavern, uniq_donald
Orc:4:    st_orc_ogre_mass, serial_shops, shop, uniq_josephine
Bailey:   bailey_polearm_4, bailey

Table legend:
 A = Turns spent in this place as a percentage of turns spent in the entire game.
 B = Non-inter-level travel turns spent in this place as a percentage of non-inter-level travel turns spent in the entire game.
 C = Inter-level travel turns spent in this place as a percentage of turns spent in this place.
 D = Turns resting spent in this place as a percentage of non-inter-level travel turns spent in this place.
 E = Turns spent auto-exploring this place as a percentage of non-inter-level travel turns spent in this place.
 F = Non-inter-level travel turns spent in this place divided by the number of levels of this place that you've seen.
                   A       B       C       D       E      F
               +-------+-------+-------+-------+-------+----------------------
         Total | 100.0 | 100.0 |   0.4 |   9.0 |   5.6 | 327.1
       Dungeon |  87.5 |  87.6 |   0.4 |   9.4 |   5.4 | 453.6
        Temple |   0.3 |   0.3 |   0.0 |   0.0 |  33.3 |  21.0
          Lair |   0.7 |   0.7 |   0.0 |   0.0 |   2.2 |  45.0
  Orcish Mines |  10.8 |  10.7 |   1.0 |   6.9 |   6.4 | 166.8
        Bailey |   0.6 |   0.6 |   0.0 |   0.0 |   0.0 |  38.0
               +-------+-------+-------+-------+-------+----------------------

Table legend:
 A = Kills in this place as a percentage of kills in entire the game.
 B = Kills by you in this place as a percentage of kills by you in the entire game.
 C = Kills by friends in this place as a percentage of kills by friends in the entire game.
 D = Other kills in this place as a percentage of other kills in the entire game.
 E = Experience gained in this place as a percentage of experience gained in the entire game.
 F = Experience gained in this place divided by the number of levels of this place that you have seen.
                   A       B       C       D       E      F
               +-------+-------+-------+-------+-------+----------------------
         Total | 100.0 | 100.0 | 100.0 |  -nan | 100.0 | 1196.3
       Dungeon |  77.5 |  77.5 | 100.0 |  -nan |  86.4 | 1636.6
          Lair |   0.2 |   0.2 |   0.0 |  -nan |   0.5 | 114.0
  Orcish Mines |  22.3 |  22.3 |   0.0 |  -nan |  13.1 | 744.0
               +-------+-------+-------+-------+-------+----------------------
